 Dungeon Crawl Stone Soup version 0.31.0-32-g396128a36d (webtiles) character file.

Game seed: 15661666073771250342

2107 Traejeek the Fighter (level 9, -3/71 (76) HPs)
             Began as a Yellow Draconian Monk on Apr 5, 2024.
             Was a Priest of Hepliaklqana.
             Succumbed to a killer bee's poison
             ... on level 8 of the Dungeon.
             The game lasted 00:17:30 (5835 turns).

Traejeek the Fighter (Yellow Draconian Monk)        Turns: 5835, Time: 00:17:31

HP:   -3/71 (76)    AC: 14    Str: 18    XL:     9   Next: 7%
MP:   9/9           EV: 12    Int: 11    God:    Hepliaklqana [***...]
Gold: 94            SH:  0    Dex: 13    Spells: 8/8 levels left

rFire   + . .        a - +0 spear
rCold   + . .        c - orb {light}
rNeg    + . .        (body armour unavailable)
rPois   +            (helmet restricted)
rElec   +            l - +0 cloak
rCorr   +            k - +1 pair of gloves
SInv    .            (no boots)
Will    .....        (no amulet)
Stlth   +            s - +4 ring of protection
HPRegen 0.31/turn    t - ring of positive energy
MPRegen 0.11/turn

%: no passive effects
@: lethally poisoned (-3 -> -20), about to teleport, resistant, glowing, drained
A: reduced essence, spit acid, AC +7, unfitting armour, cold-blooded, acid
resistance
a: Breathe Acid, Renounce Religion, Recall Ancestor, Ancestor Identity,
Transference


You were on level 8 of the Dungeon.
You worshipped Hepliaklqana.
Hepliaklqana was most pleased with you.
You visited 2 branches of the dungeon, and saw 9 of its levels.
You also visited: Sewer.

You collected 283 gold pieces.
You spent 189 gold pieces at shops.

Inventory:

Hand Weapons
 a - a +0 spear (weapon)
Armour
 c - an orb of light (worn)
 k - a +1 pair of gloves (worn)
 l - a +0 cloak (worn)
Jewellery
 s - a +4 ring of protection (left hand)
 t - a ring of positive energy (right hand)
Talismans
 h - a maw talisman
Wands
 i - a wand of mindburst (11)
 B - a wand of polymorph (15)
Scrolls
 e - 3 scrolls of teleportation
 g - a scroll of blinking
 j - a scroll of amnesia
 n - a scroll of poison
 o - a scroll of silence
 q - a scroll of enchant weapon {unknown}
 r - 2 scrolls of fog {unknown}
 u - a scroll of vulnerability
 v - 2 scrolls of acquirement {unknown}
 x - a scroll of torment {unknown}
 y - a scroll of immolation {unknown}
Potions
 b - a potion of invisibility
 d - a potion of berserk rage {unknown}
 f - a potion of might
 p - a potion of attraction
 w - a potion of curing {unknown}
 z - a potion of cancellation {unknown}


   Skills:
 - Level 10.0 Fighting
 + Level 8.8 Polearms
 - Level 3.0 Dodging


You had 8 spell levels left.
You didn't know any spells.
Your spell library contained the following spells:

 Spells                   Type           Power      Damage    Failure   Level
 Stone Arrow              Conj/Erth      0%         3d7       71%         3
 Cause Fear               Hex            0%         N/A       98%         4
 Fireball                 Conj/Fire      0%         3d3       100%        5
 Lehudib's Crystal Spear  Conj/Erth      0%         10d2      100%        8
 Dragon's Call            Summ           0%         N/A       100%        9
 Animate Armour           Summ/Erth      Unusable   N/A       N/A         4

Dungeon Overview and Level Annotations

Branches:
Dungeon (8/15)             Temple (1/1) D:5           Sewer (visited)
   Lair: D:8-11

Altars:
Ashenzari
Cheibriados
Elyvilon
Fedhas
Gozag
Hepliaklqana
Kikubaaqudgha
Makhleb
Nemelex Xobeh
Okawaru
Qazlal
Ru
Sif Muna
Trog
Uskayaw
Vehumet
Xom
Yredelemnul
Zin
The Shining One

Shops:
D:4 *   D:5 ?**((

Annotations:
D:3 1 runed translucent door, Crazy Yiuf
D:7 Joseph
D:8 Maggie


Innate Abilities, Weirdness & Mutations

Your life essence is reduced to manifest your ancestor. (-10% HP)
You can spit globs of acid.
Your golden yellow scales are hard. (AC +7)
You cannot fit into any form of body armour.
You are cold-blooded and may be slowed by cold attacks.
You are resistant to acid. (rCorr)


Message History

The killer bee attacks as it pursues you!
The killer bee stings you but does no damage.
The killer bee closely misses you.
There is a stone staircase leading down here.
The killer bee closely misses you. x2; The killer bee stings you.
* * * LOW HITPOINT WARNING * * *
The killer bee stings you but does no damage.
The killer bee stings you.
* * * LOW HITPOINT WARNING * * *
You are poisoned.
The killer bee poisons you!
You climb downwards.
You feel sick.
Maggie shouts!
There is a stone staircase leading up here.
You feel much better.
You feel sick. The killer bee stings you. x2
* * * LOW HITPOINT WARNING * * *
The killer bee misses you. The killer bee stings you.
* * * LOW HITPOINT WARNING * * *
You are more poisoned.
The killer bee poisons you! The killer bee barely misses you.
The killer bee closely misses you. Maggie hits you but does no damage.
You partially resist.
As you read the scroll of teleportation, it crumbles to dust.
You feel strangely unstable.
You feel very sick. The killer bee misses you.
The killer bee stings you but does no damage.
The killer bee stings you.
* * * LOW HITPOINT WARNING * * *
You are lethally poisoned!
The killer bee poisons you!
The killer bee stings you but does no damage.
The killer bee closely misses you. The killer bee stings you!
* * * LOW HITPOINT WARNING * * *
Maggie hits you from afar with a +0 glaive of draining.
* * * LOW HITPOINT WARNING * * *
You partially resist.
You feel drained.
It was a potion of resistance.
You feel protected.
You die... ########### #....y@y@.# #.#####y#.# .# .# .. ##

You could see Maggie and 3 killer bees.

Vanquished Creatures
  Prince Ribbit (D:5)
  An ice beast (D:5)
  2 black bears
  A weeping skull (D:4)
  A kobold brigand (D:7)
  A bullfrog (Sewer)
  3 scorpions
  2 wights (D:7)
  4 hounds
  A jelly (D:5)
  2 orc priests
  A gnoll bouda (D:6)
  Jessica (D:2)
  Terence (D:2)
  An iguana (D:3)
  6 orc wizards
  Robin (D:3)
  8 gnolls
  4 adders
  2 river rats (D:6)
  2 ufetubi (D:5)
  11 dart slugs
  5 ribbon worms
  14 orcs
  15 ball pythons
  7 endoplasms
  5 giant cockroaches
  13 goblins
  11 hobgoblins
  12 kobolds
  5 quokkas
  6 bats
  14 frilled lizards
  6 rats
  A spectral orc (D:4)
171 creatures vanquished.

Vanquished Creatures (collateral kills)
  An ice beast (D:5)
  2 wights (D:7)
  A jelly (D:6)
  2 hounds (D:5)
  An iguana (D:6)
  3 adders
  5 dart slugs (Sewer)
  2 ball pythons (Sewer)
  4 giant cockroaches (Sewer)
  2 frilled lizards (Sewer)
23 creatures vanquished.

Vanquished Creatures (others)
  3 hexers
3 creatures vanquished.

Grand Total: 197 creatures vanquished

Notes
Turn   | Place    | Note
-------+----------+-------------------------------------------
     0 | D:1      | Traejeek the Draconian Monk began the quest for the Orb.
     0 | D:1      | Reached XP level 1. HP: 19/19 MP: 1/1
   297 | D:1      | Reached XP level 2. HP: 23/27 MP: 2/2
   355 | D:1      | Reached skill level 4 in Fighting
   824 | D:2      | Reached XP level 3. HP: 18/34 MP: 3/3
  1285 | D:2      | Reached skill level 5 in Fighting
  1757 | D:3      | Reached XP level 4. HP: 31/42 MP: 4/4
  1825 | D:3      | Noticed Terence
  1843 | D:3      | Noticed Jessica
  1985 | D:2      | Killed Jessica
  2000 | D:2      | Killed Terence
  2001 | D:2      | Reached skill level 6 in Fighting
  2036 | D:3      | Reached XP level 5. HP: 34/50 MP: 5/5
  2241 | D:3      | Noticed Robin
  2257 | D:3      | Killed Robin
  2940 | D:3      | Found a runed translucent door.
  2941 | D:3      | Noticed Crazy Yiuf
  3027 | D:4      | Noticed a black bear
  3027 | D:4      | Noticed a phantom
  3144 | D:4      | Reached skill level 5 in Polearms
  3144 | D:4      | Reached XP level 6. HP: 57/57 MP: 6/6
  3368 | D:4      | Found Janu's Assorted Antiques.
  3485 | D:4      | Bought a scroll labelled NUCEBE RULIQOC for 25 gold pieces
  3485 | D:4      | Bought a smoky green potion for 22 gold pieces
  3485 | D:4      | Bought a murky dark potion for 22 gold pieces
  3589 | D:4      | Found a basalt altar of Yredelemnul.
  3613 | D:4      | Your scales start taking on a golden yellow colour.
  3613 | D:4      | Reached XP level 7. HP: 56/64 MP: 7/7
  3613 | D:4      | Gained mutation: You are resistant to acid. (rCorr) [Yellow
                  | Draconian growth]
  3719 | D:4      | Found a hazy altar of Hepliaklqana.
  3720 | D:4      | Found a hide-covered altar of Uskayaw.
  3726 | D:4      | Found a shimmering altar of Xom.
  3729 | D:4      | Became a worshipper of Hepliaklqana the Forgotten
  3729 | D:4      | Reached * piety under Hepliaklqana
  3729 | D:4      | Reached ** piety under Hepliaklqana
  3730 | D:4      | Remembered your ancestor Ara as a hexer
  3733 | D:4      | Found a stormy altar of Qazlal.
  3733 | D:4      | Found an opulent altar of Gozag.
  3733 | D:4      | Found a blossoming altar of Fedhas.
  3734 | D:4      | Found a glowing golden altar of the Shining One.
  3734 | D:4      | Found a shimmering blue altar of Sif Muna.
  3737 | D:4      | Found a broken altar of Ashenzari.
  3738 | D:4      | Found an iron altar of Okawaru.
  3743 | D:4      | Reached skill level 7 in Fighting
  4018 | D:5      | Entered Level 5 of the Dungeon
  4059 | D:5      | Found Soof's Antique Weapon Boutique.
  4145 | D:5      | Found Ciclivit's Assorted Antiques.
  4170 | D:5      | Reached skill level 8 in Fighting
  4182 | D:5      | Found Bucawneu's Assorted Antiques.
  4196 | D:5      | Bought a scroll of identify for 60 gold pieces
  4196 | D:5      | Bought a scroll of identify for 60 gold pieces
  4285 | D:5      | Noticed Prince Ribbit
  4307 | D:5      | Killed Prince Ribbit
  4308 | D:5      | Reached skill level 9 in Fighting
  4308 | D:5      | Reached XP level 8. HP: 60/70 MP: 8/8
  4441 | D:5      | Found Ogoofaudi's Magic Scroll Boutique.
  4522 | D:5      | Found a staircase to the Ecumenical Temple.
  4540 | Temple   | Entered the Ecumenical Temple
  4605 | D:5      | Found Boastrots's Antique Weapon Emporium.
  4723 | D:5      | Reached skill level 10 in Fighting
  5072 | D:6      | Found a glowing drain.
  5116 | Sewer    | Entered a sewer
  5571 | D:6      | Noticed a two-headed ogre
  5792 | D:7      | Reached XP level 9. HP: 43/74 MP: 9/9
  5812 | D:7      | Noticed Joseph
  5825 | D:7      | Reached *** piety under Hepliaklqana
  5832 | D:8      | Noticed Maggie
  5834 | D:8      | HP: 2/73 [Maggie/+0 glaive of draining (5)]
  5835 | D:8      | Succumbed to a killer bee's poison

Illustrated notes

Levels and vault maps discovered:
D:1:      ebering_hopf_link, layout_basic, chequers_serial_rivers_micro_e,
          grunt_decor_one_mirror, grunt_decor_resistance,
          minmay_misc_feat_alley, minmay_stone_trees_medium
D:2:      layout_basic
D:3:      layout_rooms, serial_corexii_hall, corexii_hall_statues_x,
          chequers_hall_statues_y, minmay_box_of_dots, uniq_crazy_yiuf_cottage,
          uniq_jessica, uniq_robin, uniq_terence
D:4:      layout_basic, yredelemnul_forgotten_temple_becter, minitemple,
          serial_shops, nicolae_shop_trees, roderic_lattice_a,
          nicolae_the_louvre
D:5:      layout_loops_ring, minmay_temple_entry_antechambers, serial_shops,
          nicolae_shop_real_fake_doors, shop, nicolae_shop_gibbet_a_chance,
          nicolae_shop_crystal, nicolae_shop_advertising_works
          [nicolae_subvault_shop_adworks], uniq_prince_ribbit1
D:6:      layout_loops_ring, nicolae_dithmenos_shadow_blocks,
          mainiacjoe_overflow_alcove_2, portal_sewer_entry_b
D:7:      layout_cave_pods, uniq_joseph
D:8:      layout_basic, uniq_maggie, uniq_psyche, uniq_maurice
Temple:   hellmonk_temple_rainy

Skill      XL: |  1  2  3  4  5  6  7  8 |
---------------+-------------------------+-----
Dodging        | 3 |  3.0
Fighting       | 4 5 6 9 10 | 10.0
Polearms       | 5 6 8 |  8.8

Action                     |  1- 3 |  4- 6 |  7- 9 || total
---------------------------+-------+-------+-------++-------
  Melee: Spear             |   136 |   269 |   339 ||   744
         Tailslap          |    21 |    54 |    72 ||   147
 Invoke: Ancestor Life: He |       |       |     1 ||     1
Ability: Breathe Acid      |       |       |     9 ||     9
    Use: Scroll            |       |     4 |     7 ||    11
         Potion            |       |     4 |     3 ||     7
   Stab: Confused          |       |       |    14 ||    14
         Distracted        |       |       |     1 ||     1
 Armour: Skin              |    50 |   145 |   189 ||   384
  Dodge: Dodged            |    43 |   154 |   169 ||   366
